 Dungeon Crawl Stone Soup version 0.28-a0-851-g8b9cc49659 (webtiles) character file.

Game seed: 11619086485630299150

158 Twinkles the Sneak (level 5, -7/30 HPs)
             Began as a Kobold Fire Elementalist on Nov 15, 2021.
             Killed by an exploding adder (18 damage)
             ... ignited by their inner flame
             ... on level 2 of the Dungeon.
             The game lasted 00:11:33 (2314 turns).

Twinkles the Sneak (Kobold Fire Elementalist)       Turns: 2314, Time: 00:11:34

Health: -7/30      AC:  3    Str:  6    XL:     5   Next: 67%
Magic:  9/9        EV: 15    Int: 17    God:
Gold:   117        SH:  0    Dex: 15    Spells: 8/9 levels left

rFire   . . .      SeeInvis .   c - +0 short sword
rCold   . . .      Faith    .   (shield restricted)
rNeg    . . .      Spirit   .   a - +0 robe
rPois   .          Reflect  .   (no helmet)
rElec   .          Harm     .   (no cloak)
rCorr   .          Rampage  .   (no gloves)
Will    .....                   h - +0 pair of boots
Stlth   ++++......              (no amulet)
HPRegen 0.10/turn               (no ring)
MPRegen 0.11/turn               (no ring)

@: no status effects
A: small, no large weapons, nightstalker 3
a: no special abilities


You were on level 2 of the Dungeon.
You visited 1 branch of the dungeon, and saw 2 of its levels.

You collected 117 gold pieces.

Inventory:

Hand Weapons
 c - a +0 short sword (weapon)
Missiles
 g - 14 sling bullets
 s - 153 stones
Armour
 a - a +0 robe (worn)
 h - a +0 pair of boots (worn)
 o - a +0 kite shield
Jewellery
 n - a ring of resist corrosion
Scrolls
 b - a scroll of amnesia {unknown}
 d - a scroll of blinking {unknown}
 i - a scroll of fog {unknown}
 j - a scroll of noise {unknown}
 k - a scroll of enchant armour {unknown}
 l - a scroll of torment
 m - a scroll of fear {unknown}
 p - a scroll of enchant weapon {unknown}
 K - a scroll of immolation
Potions
 e - 2 potions of flight {unknown}


   Skills:
 + Level 1.9 Fighting
 + Level 3.4 Dodging
 + Level 4.0 Stealth
 + Level 2.9 Spellcasting
 + Level 2.1 Conjurations
 + Level 3.6 Fire Magic


You had 8 spell levels left.
You knew the following spells:

 Your Spells              Type           Power      Damage    Failure   Level
a - Foxfire               Conj/Fire      48%        2x1d6     5%          1

Your spell library contained the following spells:

 Spells                   Type           Power      Damage    Failure   Level
 Scorch                   Fire           28%        2d6       6%          2
 Conjure Flame            Conj/Fire      12%        6-21      16%         3
 Inner Flame              Hex/Fire       8%         N/A       26%         3
 Ignite Poison            Fire/Tmut/Pois 6%         N/A       32%         3
 Dazzling Flash           Conj/Hex       12%        N/A       34%         3
 Mephitic Cloud           Conj/Pois/Air  4%         N/A       36%         3
 Flame Wave               Conj/Fire      12%        3d4       47%         4
 Freezing Cloud           Conj/Ice/Air   2%         6-21      98%         5
 Agony                    Necr           2%         N/A       99%         5
 Silence                  Hex/Air        1%         N/A       99%         5


Dungeon Overview and Level Annotations

Branches:
Dungeon (2/15)

Altars:


Innate Abilities, Weirdness & Mutations

You are small and have problems with some larger weapons.
You are completely attuned to the shadows.


Message History

Confirm with . or Enter, or press ? or * to list all spells.
Okay, then.
Unknown command.
As you read the scroll labelled ESUMOT GACIH WUUH, it crumbles to dust.
Your body is wracked with pain!
The adder convulses!
It was a scroll of torment.
The adder completely misses you.
As you read the scroll labelled FEOCRA ARAPP, it crumbles to dust.
The creatures around you are filled with an inner flame!
It was a scroll of immolation.
K - a scroll of immolation The adder bites you but does no damage.
The adder bites you. The adder barely misses you. The adder misses you.
The adder misses you. The adder bites you. The adder bites you.
The adder misses you.
Casting: Foxfire (safe; 5% risk of failure)
Confirm with . or Enter, or press ? or * to list all spells.
Okay, then.
Unknown command.
Casting: Foxfire (safe; 5% risk of failure)
Confirm with . or Enter, or press ? or * to list all spells.
There is not enough space to conjure foxfire!
Unknown command.
Unknown command.
Okay, then.
Unknown command.
Casting: Foxfire (safe; 5% risk of failure)
Confirm with . or Enter, or press ? or * to list all spells.
Okay, then.
Unknown command.
Unknown command.
You hit the adder.
Flame seeps out of the adder.
The adder is severely wounded.
The adder is engulfed in blazing flames.
The adder explodes!
The fiery explosion engulfs you!!
Ouch! That really hurt!
You die...

........#.#..... #.###.##.##.##
..#)............ #.# #.#.###..#
..)#....#.#....# #.# #.#.#...##
#########.####### #.# #.##.##8..
##.## ##.##..#..## #.###.#.#..8..
#.#.###.#####.##.###.##..####....
.###...####..####§##.....##......
## ####.##.######○##.##..##..###.
# ##..## #8@###.###.#..#.###
################## #.# #...######
.................###.# #.###.....
≈≈≈≈≈≈≈≈≈≈≈≈≈≈≈≈≈≈##.# #.........
≈≈≈≈≈≈≈≈≈≈≈≈≈≈≈≈≈≈#### ########..
...........†.....## ###
##########'########
##8[###8)#.†......#
.........'........#


There were no monsters in sight!

Vanquished Creatures
  An ogre (D:2)
  3 adders (D:2)
  3 orcs (D:2)
  6 endoplasms
  4 hobgoblins (D:2)
  4 jackals (D:2)
  3 kobolds
  4 quokkas
  3 ball pythons
  6 bats
  A frilled lizard (D:2)
  8 goblins
  2 rats (D:1)
48 creatures vanquished.

Vanquished Creatures (others)
  92 foxfires
92 creatures vanquished.

Grand Total: 140 creatures vanquished

Notes
Turn   | Place    | Note
-------+----------+-------------------------------------------
     0 | D:1      | Twinkles the Kobold Fire Elementalist began the quest for
                  | the Orb.
     0 | D:1      | Reached XP level 1. HP: 10/10 MP: 3/3
   377 | D:1      | Reached XP level 2. HP: 15/15 MP: 5/5
   953 | D:2      | Reached skill level 3 in Stealth
   978 | D:2      | Reached XP level 3. HP: 19/20 MP: 2/6
  1495 | D:2      | Reached skill level 1 in Fighting
  1734 | D:2      | Reached XP level 4. HP: 25/25 MP: 5/7
  1799 | D:2      | Noticed an ogre
  1809 | D:2      | Killed an ogre
  1810 | D:2      | Reached XP level 5. HP: 25/30 MP: 4/9
  1967 | D:2      | Reached skill level 4 in Stealth
  2314 | D:2      | Killed by an exploding adder... ignited by their inner
                  | flame

Illustrated notes

Levels and vault maps discovered:
D:1:      eino_arrival_water_star, layout_basic, chequers_serial_rivers_micro_b,
          chequers_jeans, chequers_serial_rivers_micro_e
D:2:      wad_river_or_something, layout_basic,
          chequers_ecumenical_altar_island, guppyfry_early_orc_mine

Skill      XL: |  1  2  3  4  5 |
---------------+----------------+-----
Stealth        | 3 4 |  4.0
Fighting       | 1 |  1.9
Dodging        | 3 |  3.4
Conjurations   | 2 |  2.1
Spellcasting   | |  2.9
Fire Magic     | |  3.6

Action                   |  1- 3 |  4- 6 || total
-------------------------+-------+-------++-------
Melee: Short sword       |    43 |    19 ||    62
 Cast: Foxfire           |    27 |    22 ||    49
  Use: Scroll            |       |     2 ||     2
 Stab: Sleeping          |     6 |     4 ||    10
Armor: Robe              |     1 |     5 ||     6
Dodge: Dodged            |    37 |    38 ||    75

Table legend: (Time is in decaauts)
 A = Elapsed time spent in this place.
 B = Non-inter-level travel time spent in this place.
 C = Inter-level travel time spent in this place.
 D = Time resting spent in this place.
 E = Time spent auto-exploring this place.
 F = Levels seen in this place.
 G = Mean time per level.
                   A        B        C        D        E       F      G
               +--------+--------+--------+--------+--------+-----+--------+
         Total |   2326 |   2197 |    129 |      0 |   1791 |   2 | 1163.0 |
       Dungeon |   2326 |   2197 |    129 |      0 |   1791 |   2 | 1163.0 |
               +--------+--------+--------+--------+--------+-----+--------+

Top non-repeatable levels by time:
     D:2: 1413 daAuts
     D:1: 912 daAuts
